 Dungeon Crawl Stone Soup version 0.28.0-47-ge53b351184 (webtiles) character file.

Game seed: 13563973266891903779

1591 101zpm the Thaumaturge (level 9, 0/57 HPs)
             Began as a Djinni Fire Elementalist on Apr 30, 2022.
             Slain by Duvessa
             ... wielding a +0 rapier
              (8 damage)
             ... on level 7 of the Dungeon.
             The game lasted 00:20:17 (8505 turns).

101zpm the Thaumaturge (Djinni Fire Elementalist)   Turns: 8505, Time: 00:20:17

Health: 0/57       AC:  3    Str:  9    XL:     9   Next: 15%
Gold:   293        EV: 12    Int: 21    God:
                   SH:  0    Dex: 14

rFire   + + .      SeeInvis .   e - +0 whip (elec)
rCold   x . .      Faith    .   (no shield)
rNeg    . . .      Spirit   .   a - +0 robe
rPois   ∞          Reflect  .   l - +0 helmet of Waruateu {Str+2}
rElec   .          Harm     .   (no cloak)
rCorr   .          Rampage  .   (no gloves)
Will    .....                   (boots unavailable)
Stlth   ++........              b - amulet of regeneration
HPRegen 0.99/turn               (no ring)
MPRegen 0.00/turn               (no ring)

@: flying
A: sickness immunity, fire resistance 2, cold vulnerability 1, float, innate
caster, HP casting, extra vitality 1
a: no special abilities


You were on level 7 of the Dungeon.
You visited 1 branch of the dungeon, and saw 7 of its levels.

You collected 293 gold pieces.

Inventory:

Hand Weapons
 e - a +0 whip of electrocution (weapon)
Missiles
 r - a throwing net
Armour
 a - a +0 robe (worn)
 l - the +0 helmet of Waruateu (worn) {Str+2}
   (You found it on level 3 of the Dungeon)

   Str:       It affects your strength (+2).
Magical Staves
 p - a staff of conjuration
Jewellery
 b - an amulet of regeneration (around neck)
 t - a ring of see invisible
 y - a ring of ice
 z - a ring of protection from fire
Scrolls
 c - a scroll of brand weapon {unknown}
 h - 3 scrolls of amnesia {unknown}
 j - 6 scrolls of identify
 s - 4 scrolls of blinking {unknown}
 u - a scroll of enchant weapon {unknown}
 v - a scroll of noise {unknown}
 x - 2 scrolls of enchant armour {unknown}
Potions
 d - a potion of resistance
 f - 6 potions of curing {unknown}
 g - 3 potions of degeneration {unknown}
 i - a potion of attraction {unknown}
 m - a potion of mutation {unknown}
 n - a potion of berserk rage {unknown}
 o - a potion of magic {unknown}
 q - a potion of lignification {unknown}
 w - a potion of invisibility {unknown}


   Skills:
 + Level 1.1 Fighting
 + Level 0.1 Maces & Flails
 + Level 2.5 Dodging
 + Level 3.0 Stealth
 + Level 8.3 Spellcasting


You had one spell level left.
You knew the following spells:

 Your Spells              Type           Power      Damage    Failure   Level
a - Foxfire               Conj/Fire      100%       2x1d9     1%          1
b - Scorch                Fire           86%        2d9       1%          2
c - Conjure Flame         Conj/Fire      43%        6-21      1%          3
d - Inner Flame           Hex/Fire       43%        N/A       1%          3
e - Flame Wave            Conj/Fire      43%        2d9       2%          4
f - Beastly Appendage     Tmut           86%        N/A       1%          1
g - Ensorcelled Hibernat  Hex/Ice        86%        N/A       1%          2
h - Gell's Gravitas       Tloc           43%        N/A       1%          3
i - Passage of Golubria   Tloc           43%        N/A       2%          4
Your spell library was empty.

Dungeon Overview and Level Annotations

Branches:
Dungeon (7/15)
 Temple: D:4-7

Altars:
Trog
Yredelemnul

Shops:
D:7 *

Annotations:
D:5 1 runed translucent door, Bruhh's ghost, novice DjFE
D:7 2 transporters, Duvessa


Innate Abilities, Weirdness & Mutations

You are immune to sickness and miasma.
You are immune to poison.
Your flesh is very heat resistant. (rF++)
You are vulnerable to cold. (rC-)
You float through the air rather than walking.
You learn spells naturally, not from books.
Your magical power is your life essence.
You have superior vitality. (+4 MHP)


Message History

The hornet buzzes angrily.
You hear an angry growl.
You hear a loud, deep croak!
Casting: Inner Flame (safe; 1% risk of failure)
Confirm with . or Enter, or press ? or * to list all spells.
Aiming: Inner Flame (safe; 1% risk of failure)
Press: ? - help, Dir - move target, f - hornet
Aim: a hornet (almost dead, chance to affect: 86%)
The hornet is filled with an inner flame.
You conjure some foxfire!
Duvessa goes berserk!
Duvessa rages.
Duvessa misses you.
You conjure some foxfire!
The foxfire hits Duvessa.
Flame seeps out of Duvessa.
Duvessa is lightly wounded.
Duvessa is engulfed in blazing flames.
Flame seeps out of Duvessa.
Duvessa hits you with a +0 rapier!
You are too injured to fight recklessly!
Found a potion of resistance.
The foxfire hits the hornet but does no damage.
The hornet is almost dead.
You hear an angry growl.
Duvessa hits you with a +0 rapier!
* * * LOW HITPOINT WARNING * * *
The hornet stings you but does no damage.
Found a Young Poisoner's Handbook.
Casting: Foxfire (safe; 1% risk of failure)
Confirm with . or Enter, or press ? or * to list all spells.
Casting: Flame Wave (dangerous; 2% risk of failure)
Press: ? - help, Dir - look around, f - activate
Okay, then.
As you read the scroll of fog, it crumbles to dust.
The scroll dissolves into smoke.
Duvessa barely misses you. The hornet completely misses you.
Duvessa hits you with a +0 rapier!
* * * LOW HITPOINT WARNING * * *
The hornet stings you.
* * * LOW HITPOINT WARNING * * *
Duvessa closely misses you.
You are too injured to fight recklessly!
Unknown command.
Duvessa hits you with a +0 rapier!
You die...

......# ####.# ...#..# #....#
#:#..#
##.#..#######.#####...!...#
.#................#..#©#..# #.#
#)....#######.###.#○.....○# #...
.###.## #.# #.# ..○... #.... ##
#.# #.# #.# #######.....
####.########.###§###§©.........
##..<...........@ey§§§§......)..
....#########.##.§#§#§§.#......"
###.# #.##.§§§#.§..# .# # #.#
#....§#####..#..##.
###.############....#..........
...........#####..#.#....#.####
....######........#...#.##.#
...####...^................#
##......####################


You could see Duvessa (berserk, fast, inner flame) and a hornet (inner flame).

Vanquished Creatures
  A wraith (D:7)
  A wyvern (D:7)
  A water moccasin (D:5)
  An ogre (D:7)
  2 black bears
  An ice beast (D:5)
  A centaur (D:7)
  2 gnoll sergeants (D:5)
  Dowan (D:7)
  A bullfrog zombie (D:5)
  2 orc priests
  2 hounds (D:5)
  A bullfrog skeleton (D:7)
  2 jellies
  An iguana (D:3)
  3 orc wizards (D:4)
  A hound skeleton (D:4)
  A howler monkey skeleton (D:7)
  3 adders
  3 gnolls (D:5)
  A shadow imp (D:7)
  An adder zombie (D:5)
  2 adder skeletons
  4 worms
  3 dart slugs
  17 orcs
  8 endoplasms
  7 giant cockroaches
  7 goblins
  6 hobgoblins
  3 jackals (D:1)
  4 quokkas
  10 ball pythons
  5 bats
  4 frilled lizards
  2 goblin zombies (D:4)
  9 kobolds
  12 rats
136 creatures vanquished.

Vanquished Creatures (collateral kills)
  19 foxfires
19 creatures vanquished.

Vanquished Creatures (others)
  A demonic plant (D:1)
  688 foxfires
  A plant (D:5)
  A withered plant (D:1)
691 creatures vanquished.

Grand Total: 846 creatures vanquished

Notes
Turn   | Place    | Note
-------+----------+-------------------------------------------
     0 | D:1      | 101zpm the Djinni Fire Elementalist began the quest for the
                  | Orb.
     0 | D:1      | Reached XP level 1. HP: 15/15 MP: 0/0
   316 | D:1      | Reached XP level 2. HP: 10/21 MP: 0/0
   663 | D:1      | Found a faded altar of an unknown god.
  1082 | D:1      | Reached XP level 3. HP: 20/25 MP: 0/0
  1082 | D:1      | Learned a level 1 spell: Beastly Appendage
  1197 | D:1      | Reached skill level 3 in Spellcasting
  2845 | D:2      | Found a basalt altar of Yredelemnul.
  2998 | D:2      | Reached XP level 4. HP: 28/31 MP: 0/0
  3528 | D:3      | Reached XP level 5. HP: 7/36 MP: 0/0
  3528 | D:3      | Learned a level 2 spell: Ensorcelled Hibernation
  4158 | D:3      | Reached skill level 4 in Spellcasting
  4903 | D:3      | Identified the +0 helmet of Waruateu {Str+2}
  5754 | D:4      | Reached skill level 1 in Fighting
  5754 | D:4      | Reached XP level 6. HP: 36/42 MP: 0/0
  6149 | D:4      | Reached skill level 5 in Spellcasting
  6156 | D:4      | Noticed a black bear
  6162 | D:4      | Killed a black bear
  6163 | D:4      | Reached XP level 7. HP: 1/47 MP: 0/0
  6163 | D:4      | Learned a level 3 spell: Gell's Gravitas
  6710 | D:4      | Found a bloodstained altar of Trog.
  7177 | D:5      | Entered Level 5 of the Dungeon
  7311 | D:5      | Found a runed translucent door.
  7311 | D:5      | Noticed Bruhh's ghost (novice DjFE)
  7401 | D:5      | Reached skill level 6 in Spellcasting
  7509 | D:5      | Noticed a water moccasin
  7514 | D:5      | Killed a water moccasin
  7515 | D:5      | Reached XP level 8. HP: 48/52 MP: 0/0
  8047 | D:7      | Found a transporter.
  8085 | D:7      | Reached skill level 7 in Spellcasting
  8115 | D:7      | Noticed a wyvern
  8123 | D:7      | Killed a wyvern
  8213 | D:7      | Found a transporter.
  8265 | D:7      | Found Luebeuwn's General Store.
  8360 | D:7      | Noticed a wraith
  8368 | D:7      | Killed a wraith
  8369 | D:7      | Reached skill level 8 in Spellcasting
  8369 | D:7      | Reached XP level 9. HP: 55/57 MP: 0/0
  8369 | D:7      | Learned a level 4 spell: Passage of Golubria
  8488 | D:7      | Noticed Dowan
  8490 | D:7      | Noticed Duvessa
  8493 | D:7      | Noticed a hornet
  8493 | D:7      | Killed Dowan
  8505 | D:7      | Slain by Duvessa

Illustrated notes

Levels and vault maps discovered:
D:1:      giann_forest_graveyard, layout_rooms, shapermc_ecumenical_altar_gd
D:2:      layout_basic, basic_altar
D:3:      layout_rooms
D:4:      layout_loops_ring, trog_hazing_becter, enter_ossuary_4
D:5:      layout_gridville, hellmonk_ghost_happy_afterlife, kennysheep_path_1,
          nicolae_grassy_gnolls
D:6:      layout_gridville, mainiacjoe_overflow_cross_hatched,
          minmay_temple_entry_glass, serial_shops, shop_statue
D:7:      gammafunk_cloud_chamber, layout_loops_ring, serial_shops,
          shop_fountains, grunt_ministairs_15, uniq_duvessa,
          uniq_crazy_yiuf_cottage

Skill      XL: |  1  2  3  4  5  6  7  8 |
---------------+-------------------------+-----
Spellcasting   | 3 4 5 6 8 |  8.3
Stealth        | 2 3 |  3.0
Fighting       | 1 |  1.1
Maces & Flails | |  0.1
Dodging        | |  2.5

Action                   |  1- 3 |  4- 6 |  7- 9 || total
-------------------------+-------+-------+-------++-------
Melee: Whip              |    14 |       |       ||    14
 Cast: Foxfire           |   157 |   169 |   124 ||   450
       Inner Flame       |       |    20 |    26 ||    46
       Scorch            |       |     2 |     4 ||     6
       Passage of Golubr |       |       |     1 ||     1
  Use: Scroll            |       |       |     4 ||     4
Armor: Robe              |     6 |       |     2 ||     8
Dodge: Dodged            |    16 |     4 |    15 ||    35
